Map: 라이트쉐이드 - 래더

Players

Trap

  • Race: Protoss Protoss
  • League: Master
  • Spawn Location: 5:00

ByuN - Winner!

  • Race: Terran Terran
  • Spawn Location: 11:00

VOD

Have the link to the VOD?

Description

Time

  • Played on: Oct. 20, 2020, 8:37 a.m.
  • Length: 10:53
Show
View Real Time Build Order
Export as new Build Order

Trap Protoss 

Build Orders: 1 Gate Expand, Phoenix Opening 

Get SALT Encoding   

  12  0:00  Probe  
  13  0:12  Probe  
  14  0:18  Pylon  
  14  0:24  Probe  
  15  0:36  Probe (Chrono Boost)  
  15  0:37  Gateway  
  16  0:47  Assimilator, Probe (Chrono Boost)  
  17  0:51  Probe (Chrono Boost)  
  18  1:03  Probe  
  19  1:15  Probe  
  20  1:25  Cybernetics Core  
  20  1:39  Nexus  
  20  1:47  Pylon  
  20  1:50  Probe  
  21  2:00  Adept (Chrono Boost), Assimilator  
  21  2:06  Probe  
  23  2:18  Probe  
  23  2:20  Adept (Chrono Boost)  
  24  2:29  Stargate  
  26  2:30  Probe  
  27  2:37  Warp Gate  
  28  2:44  Adept, Probe (Chrono Boost)  
  28  2:51  Probe (Chrono Boost)  
  32  3:00  Probe x2 (Chrono Boost)  
  33  3:06  Probe  
  33  3:10  Gateway, Probe  
  35  3:15  Phoenix (Chrono Boost)  
  37  3:23  Shield Battery  
  37  3:30  Phoenix (Chrono Boost)  
  37  3:31  Probe  
  37  3:33  Probe  
  41  3:40  Pylon  
  41  3:45  Probe x2  
  43  3:55  Phoenix (Chrono Boost)  
  43  3:57  Probe  
  43  3:58  Probe  
  43  4:01  Robotics Facility  
  47  4:06  Pylon  
  48  4:10  Probe x2  
  49  4:17  Phoenix (Chrono Boost)  
  49  4:22  Probe  
  49  4:23  Probe  
  53  4:29  Pylon  
  53  4:31  Shield Battery  
  53  4:34  Probe  
  53  4:35  Probe  
  53  4:37  Phoenix  
  56  4:46  Probe  
  56  4:47  Probe  
  56  4:52  Observer  
  58  4:58  Probe, Assimilator  
  58  4:59  Probe  
  60  5:00  Assimilator  
  60  5:09  Adept x2  
  60  5:10  Probe  
  60  5:11  Probe  
  66  5:17  Phoenix  
  66  5:18  Pylon  
  68  5:22  Pylon  
  68  5:31  Adept  
  70  5:36  Adept  
  70  5:38  Robotics Bay  
  72  5:45  Nexus  
  72  5:48  Probe x2  
  74  5:50  Observer  
  74  5:54  Stalker  
  77  5:57  Pylon  
  77  6:01  Probe x2 (Chrono Boost)  
  80  6:12  Probe x2 (Chrono Boost)  
  80  6:17  Probe x2 (Chrono Boost)  
  70  6:23  Colossus (Chrono Boost)  
  70  6:29  Extended Thermal Lance (Chrono Boost)  
  70  6:30  Probe x2  
  78  6:36  Gateway  
  78  6:37  Gateway  
  78  6:39  Shield Battery  
  76  6:42  Sentry x2  
  76  6:44  Shield Battery  
  76  6:46  Probe x2  
  82  6:51  Phoenix  
  84  6:56  Shield Battery  
  84  6:58  Shield Battery  
  84  6:59  Probe  
  84  7:00  Probe x2  
  87  7:06  Colossus (Chrono Boost), Zealot x2  
  96  7:17  Phoenix  
  98  7:28  Gateway x2  
  98  7:29  Pylon  
  98  7:31  Sentry, Zealot  
  98  7:35  Zealot x2  
  98  7:54  Pylon  
  94  7:59  Zealot x4  
  94  8:03  Colossus (Chrono Boost)  
  94  8:04  Probe x2  
  94  8:05  Phoenix (Chrono Boost), Probe  
  97  8:09  Pylon  
  89  8:13  Shield Battery  
  89  8:15  Shield Battery  
  95  8:20  Forge  
  95  8:22  Twilight Council  
  95  8:25  Phoenix (Chrono Boost)  
  95  8:26  Assimilator  
  97  8:31  Assimilator, Zealot x4  
  105  8:35  Pylon  
  105  8:44  Pylon  
  105  8:45  Phoenix  
  106  8:51  Pylon  
  106  8:52  Pylon  
  106  8:53  Observer (Chrono Boost)  
  105  8:59  Charge (Chrono Boost), Zealot x4  
  105  9:02  Shield Battery, Photon Cannon  
  113  9:09  Probe x2  
  116  9:10  Phoenix, Probe  
  118  9:19  Zealot x3  
  118  9:20  Zealot  
  116  9:30  Warp Prism  
  118  9:39  Gateway  
  118  9:45  Gateway  
  118  9:48  Pylon  
  118  9:50  Templar Archives  
  118  9:51  Zealot x2  
  118  9:52  Zealot x2  
  126  10:00  Nexus  
  126  10:02  Pylon  
  126  10:09  Pylon  
  126  10:14  Zealot x2  
  126  10:15  Photon Cannon  
  126  10:18  Zealot x2  
  122  10:42  Zealot x6  
Show
View Real Time Build Order
Export as new Build Order

ByuN Terran - Winner!

Build Orders:  

Get SALT Encoding   

  12  0:00  SCV  
  13  0:12  SCV  
  14  0:17  Supply Depot  
  14  0:24  SCV  
  14  0:27  Refinery  
  15  0:38  SCV  
  16  0:44  Barracks  
  16  0:50  SCV  
  17  1:03  SCV  
  18  1:11  Engineering Bay  
  18  1:15  SCV  
  19  1:31  Orbital Command, Marine  
  20  1:36  Factory  
  20  1:42  Supply Depot  
  20  1:49  Barracks Reactor  
  20  1:57  SCV  
  21  2:09  SCV  
  21  2:15  Command Center  
  22  2:21  SCV  
  23  2:28  Hellion  
  23  2:29  Hellion  
  27  2:33  Supply Depot  
  27  2:36  SCV  
  28  2:49  Hellion  
  28  2:50  SCV  
  31  2:55  Hellion  
  33  3:02  Starport, SCV  
  34  3:05  Refinery  
  36  3:14  SCV  
  36  3:19  Widow Mine x2  
  39  3:27  SCV  
  39  3:33  Orbital Command  
  40  3:40  Medivac, Widow Mine  
  40  3:41  Widow Mine  
  46  3:44  Supply Depot, SCV  
  47  3:51  Orbital Command  
  47  3:54  Barracks Tech Lab  
  47  3:56  SCV  
  48  4:03  Barracks  
  48  4:05  Widow Mine  
  48  4:06  Widow Mine  
  48  4:08  SCV  
  53  4:13  Supply Depot  
  53  4:19  SCV, Bunker  
  53  4:20  SCV  
  55  4:29  Starport Tech Lab  
  51  4:31  SCV  
  51  4:33  SCV  
  51  4:36  Marine  
  52  4:43  SCV  
  52  4:45  SCV  
  52  4:48  Marine  
  52  4:49  Siege Tank  
  54  4:54  Marine  
  54  4:55  SCV  
  54  4:57  SCV, Starport Reactor  
  51  5:01  Barracks  
  51  5:05  Refinery  
  51  5:07  SCV, Engineering Bay  
  51  5:08  Marine  
  51  5:09  SCV, Marine  
  51  5:12  Stimpack, Marine  
  56  5:20  SCV  
  58  5:21  SCV  
  58  5:26  Marine x2  
  60  5:30  Marine  
  60  5:32  SCV  
  60  5:33  SCV  
  60  5:34  Terran Infantry Weapons Level 1  
  63  5:36  Factory Tech Lab  
  63  5:37  Supply Depot, Refinery  
  63  5:38  Missile Turret  
  63  5:44  Supply Depot, SCV, Marine x2  
  63  5:45  SCV  
  63  5:47  Marine  
  70  5:57  Marauder  
  70  5:59  Siege Tank  
  70  6:01  Marine  
  70  6:03  Marauder, SCV x2  
  70  6:04  Supply Depot  
  78  6:06  Marine  
  76  6:19  Marine  
  76  6:22  Marauder  
  76  6:23  SCV x2, Marine  
  76  6:24  Marauder  
  82  6:27  Medivac x2  
  82  6:32  Siege Tank  
  85  6:34  Supply Depot  
  85  6:38  Marine  
  85  6:39  Combat Shield  
  86  6:41  Marine  
  86  6:44  Marauder  
  86  6:45  Missile Turret, Marauder  
  91  6:54  Concussive Shells  
  91  6:57  Medivac  
  91  6:58  Supply Depot  
  93  7:02  Marine  
  93  7:03  Marine  
  93  7:05  Marauder  
  93  7:06  Siege Tank  
  93  7:07  Marauder  
  102  7:19  Command Center  
  102  7:23  Supply Depot  
  102  7:25  Marine x2  
  102  7:26  Marauder  
  102  7:28  Marauder  
  108  7:30  Medivac  
  110  7:39  Medivac  
  110  7:40  SCV  
  109  7:50  SCV  
  110  7:52  SCV  
  110  7:54  Marauder, Marine x2  
  110  7:55  Marauder  
  110  7:56  Widow Mine  
  113  8:03  SCV  
  113  8:04  SCV  
  107  8:12  Medivac x2, Marine x2  
  99  8:16  Marauder x2  
  99  8:17  Siege Tank  
  107  8:21  Barracks, SCV x2  
  107  8:22  Barracks  
  107  8:25  Missile Turret  
  109  8:31  Marine x2  
  109  8:33  SCV x2  
  109  8:34  Orbital Command  
  113  8:42  Terran Infantry Armor Level 1  
  113  8:45  SCV x2  
  113  8:46  Marauder x2  
  118  8:56  Marine x2  
  118  9:00  Siege Tank, SCV x2  
  118  9:01  SCV  
  124  9:03  Ghost Academy, Refinery  
  124  9:07  Supply Depot, Marauder x2  
  124  9:08  Supply Depot  
  125  9:24  Marine x2  
  122  9:29  Marauder x2  
  125  9:32  Barracks Tech Lab, Barracks Reactor  
  125  9:33  Barracks  
  125  9:35  Barracks  
  117  9:38  SCV x3  
  117  9:39  Refinery  
  117  9:40  Barracks  
  117  9:44  Armory  
  117  9:45  Engineering Bay  
  119  9:47  Marine x2  
  127  10:01  Siege Tank  
  127  10:02  Supply Depot  
  127  10:03  Supply Depot  
  127  10:04  Supply Depot, Command Center  
  130  10:08  Marine x2  
  132  10:20  Missile Turret, Marauder x2, Unknown x2  
  136  10:21  Unknown  
  136  10:22  Marauder  
  136  10:23  Marine x2  
Tags
 
Add a new tag
Caveats
  • Supply blocks, unpowered buildings, or Contaminate may cause inaccurate times.
  • Supply counts are checked every 10 seconds.